 Dungeon Crawl Stone Soup version 0.24.0-5-g267a8d59f4 (webtiles) character file.

Game seed: 4087953927261438615, levelgen mode: deterministic

17502 Aelig the Destroyer (level 12, -17/70 HPs)
             Began as a Kobold Conjurer on Nov 1, 2019.
             Was a Priest of Ashenzari.
             Demolished by a swamp worm (19 damage)
             ... on level 2 of the Lair of Beasts.
             The game lasted 01:02:26 (17904 turns).

Aelig the Destroyer (Kobold Conjurer)              Turns: 17904, Time: 01:02:29

Health: -17/70     AC:  8    Str:  5    XL:     12   Next: 83%
Magic:  24/37      EV: 17    Int: 21    God:    Ashenzari [***...]
Gold:   881        SH:  2    Dex: 16    Spells: 10/21 levels left

rFire    . . .     SeeInvis +   a - +2 whip (elec)
rCold    . . .     Gourm    .   (shield restricted)
rNeg     . . .     Faith    .   G - +0 robe
rPois    .         Spirit   .   u - +0 hat
rElec    .         Reflect  +   d - +2 cloak
rCorr    .         Harm     .   i - +1 pair of gloves
MR       .....                  g - +0 pair of boots
Stlth    +++.......             z - +2 amulet of reflection
HPRegen  0.21/turn              m - ring of magical power
MPRegen  0.25/turn              y - ring of magical power

@: slowed, very slow
A: small, carnivore
a: Curse Item, Scrying, Renounce Religion


You were on level 2 of the Lair of Beasts.
You worshipped Ashenzari.
Ashenzari was most pleased with you.
You were not hungry.

You visited 2 branches of the dungeon, and saw 12 of its levels.

You collected 881 gold pieces.

Inventory:

Hand Weapons
 a - a +2 whip of electrocution (weapon)
 k - a +4 club
 s - the +5 dagger of Buinar {freeze, -Tele rElec rPois Str+8}
   (You found it on level 6 of the Dungeon)

   It has been specially enchanted to freeze those struck by it, causing extra
   injury to most foes and up to half again as much damage against particularly
   susceptible opponents.
   It can also slow down cold-blooded creatures.
   It affects your strength (+8).
   It insulates you from electricity.
   It protects you from poison.
   It prevents most forms of teleportation.
Armour
 d - a +2 cloak (worn)
 g - a +0 pair of boots (worn)
 i - a +1 pair of gloves (worn)
 p - a scarf of resistance
 u - a +0 hat (worn)
 G - a +0 robe (worn)
Jewellery
 m - a ring of magical power (left hand)
 v - an uncursed ring of protection from magic
 y - a ring of magical power (right hand)
 z - a +2 amulet of reflection (around neck)
 F - the ring of Qelil {rF- rC+ Int+5 Dex+5}
   (You found it on level 9 of the Dungeon)

   [ring of protection from cold]

   It affects your intelligence (+5).
   It affects your dexterity (+5).
   It makes you vulnerable to fire.
   It protects you from cold.
Wands
 j - a wand of enslavement (8)
 x - a wand of iceblast (10)
 A - a wand of digging (8)
 C - a wand of paralysis (6)
 D - a wand of flame (40)
 I - a wand of disintegration (16)
Scrolls
 b - 5 scrolls of remove curse
 f - 2 scrolls of teleportation {unknown}
 l - 3 scrolls of identify
 n - 2 scrolls of noise {unknown}
 q - 3 scrolls of enchant weapon
 t - a scroll of vulnerability {unknown}
 w - 2 scrolls of immolation
 B - a scroll of magic mapping
 E - a scroll of brand weapon
Potions
 e - 3 potions of curing
 h - 2 potions of might
 o - 2 potions of mutation
 r - a potion of lignification {unknown}
 H - 2 potions of heal wounds
Comestibles
 c - 18 rations


   Skills:
 - Level 6.1 Fighting
 + Level 4.3 Maces & Flails
 - Level 4.4 Dodging
 - Level 6.2 Stealth
 - Level 5.0 Spellcasting
 + Level 13.2 Conjurations
 - Level 8.1 Hexes
 + Level 9.9 Evocations


You had 10 spell levels left.
You knew the following spells:

 Your Spells              Type           Power        Failure   Level  Hunger
a - Magic Dart            Conj           ####         1%          1    None
b - Searing Ray           Conj           ######       1%          2    None
c - Iskenderun's Mystic   Conj           ######..     1%          4    ####...
d - Fulminant Prism       Conj/Hex       ######....   1%          4    ####...

Your spell library contained the following spells:

 Spells                   Type           Power        Failure   Level  Hunger
 Dazzling Spray           Conj/Hex       ######       1%          3    ##.....
 Summon Guardian Golem    Hex/Summ       ###.....     6%          3    ##.....
 Force Lance              Conj/Tloc      ####....     7%          4    ####...
 Animate Skeleton         Necr           N/A          11%         1    None
 Pain                     Necr           #...         11%         1    None
 Summon Small Mammal      Summ           #...         11%         1    None
 Call Imp                 Summ           #.......     16%         2    None
 Call Canine Familiar     Summ           #.......     32%         3    ##.....
 Regeneration             Chrm/Necr      #.........   32%         3    ##.....
 Vampiric Draining        Necr           #.........   32%         3    ##.....
 Animate Dead             Necr           N/A          71%         4    ####...
 Summon Ice Beast         Ice/Summ       #.......     71%         4    ####...
 Summon Lightning Spire   Summ/Air       #.......     71%         4    ####...


Dungeon Overview and Level Annotations

Branches:
Dungeon (10/15)            Temple (0/1) D:5            Lair (2/6) D:10
  Swamp (0/4) Lair:2       Spider (0/4) Lair:2          Orc (0/2) D:10

Altars:
Ashenzari
Dithmenos
Gozag
Makhleb
Qazlal
Ru
Xom
Zin
The Shining One
Beogh

Shops:
D:4 !*[   D:10 (

Annotations:
D:2 Sigmund
D:3 Grinder
D:4 Blork the orc
D:9 Erolcha
D:10 exclusion: two-headed ogre
Lair:2 2 runed translucent doors, Tiareth's ghost, journeyman DEWz


Innate Abilities, Weirdness & Mutations

You are small and have problems with some larger weapons.
You are carnivorous and can eat meat at any time.


Message History

The bog body is severely damaged.
The bog body casts a spell at you.
You feel as though you will be slow longer.
The bog body gestures at you while chanting.
The bolt of cold hits you!!
The swamp worm throws harpoon shot at you.
The harpoon shot misses you.
The bog body points at you and mumbles some strange words.
You feel as though you will be slow longer.
The electric eel shoots out a bolt of lightning at you!
The bolt of electricity hits you!
The electric eel shoots out a bolt of lightning at you!
The bolt of electricity hits you!
The swamp worm throws harpoon shot at you.
The harpoon shot hits you!!
* * * LOW HITPOINT WARNING * * *
You are yanked forward by the harpoon shot.
The bog body points at you and mumbles some strange words.
The bolt of cold misses you. The swamp worm bites you!!
You die...

#...........##
#............#
##...........##
#............#♣ ##
#.............♣ #.
##.......♣♣♣♣♣♣♣♣♣♣♣♣♣♣***#.
#.....♣♣♣≈≈≈♣♣≈≈≈≈≈≈≈≈ ♣.
#....⌠....n♣...♣.♣.♣.§§{ ♣.
##...⌠...♣@w.♣......§§> ♣#
###..♣♣♣≈○;≈≈≈≈≈≈≈≈≈§§≈*
##...♣♣♣♣♣♣♣♣♣♣♣♣♣♣♣
###......♣ ###.P### ####


You could see a bog body, a swamp worm and an electric eel.

Vanquished Creatures
  A hydra (Lair:1)
  A two-headed ogre (D:10)
  A harpy (D:9)
  2 deep elf magi (D:9)
  Pikel (D:9)
  An orb spider (Lair:2)
  An orc sorcerer (D:9)
  A cyclops (D:9)
  5 spiny frogs
  A kobold demonologist (D:9)
  3 trolls (D:9)
  8 blink frogs (Lair:2)
  2 bog bodies (Lair:2)
  2 hippogriffs
  A wraith (D:10)
  3 yaks (Lair:1)
  Grum (D:10)
  A hungry ghost (D:8)
  A soldier ant (D:9)
  2 water moccasins
  7 porcupines (Lair:2)
  6 orc warriors
  3 phantoms
  2 black bears (D:10)
  5 sky beasts
  2 ice beasts (D:8)
  6 centaurs
  5 wolves
  A crocodile (Lair:2)
  8 ogres
  A big kobold (D:7)
  7 bullfrogs
  A wyvern zombie (D:10)
  A gnoll sergeant (D:7)
  2 scorpions
  4 wights
  14 killer bees (D:8)
  8 crimson imps
  2 bullfrog zombies (D:5)
  4 hounds
  7 orc priests
  4 jellies
  Crazy Yiuf (D:2)
  13 orc wizards
  Ijyb (D:4)
  Terence (D:2)
  Jessica (D:3)
  A centaur skeleton (D:8)
  An iguana (D:8)
  Natasha (twice) (D:4)
  8 worker ants
  7 ogre zombies (D:10)
  A worker ant zombie (D:9)
  8 gnolls
  10 adders
  2 shadow imps
  2 adder skeletons
  5 worms
  A dart slug (D:3)
  5 leopard geckos
  51 orcs
  2 bats
  6 giant cockroaches
  6 goblins
  7 hobgoblins
  6 jackals
  6 kobolds
  6 quokkas
  7 frilled lizards
  2 goblin zombies (D:10)
  A hobgoblin zombie (D:10)
  A leopard gecko skeleton (D:5)
  A leopard gecko zombie (D:8)
  5 orc skeletons (D:10)
  15 orc zombies (D:10)
  A rat (D:2)
332 creatures vanquished.

Vanquished Creatures (collateral kills)
  A black bear (D:9)
1 creature vanquished.

Vanquished Creatures (others)
  Psyche (D:9)
  4 slaves (D:9)
  A killer bee (D:9)
  7 fulminant prisms
  2 fungi (Lair:2)
  A plant (Lair:2)
16 creatures vanquished.

Grand Total: 349 creatures vanquished

Notes
Turn   | Place    | Note
-------+----------+-------------------------------------------
     0 | D:1      | Aelig the Kobold Conjurer began the quest for the Orb.
     0 | D:1      | Reached XP level 1. HP: 10/10 MP: 3/3
   200 | D:2      | Noticed Sigmund
   321 | D:2      | Found a burning altar of Makhleb.
   322 | D:2      | Found a glowing silver altar of Zin.
   322 | D:2      | Noticed an angel
   323 | D:2      | Noticed an Executioner
   423 | D:2      | Reached XP level 2. HP: 15/15 MP: 1/5
   499 | D:2      | Found a runed translucent door.
   500 | D:2      | Noticed Crazy Yiuf
   531 | D:2      | Learned a level 2 spell: Searing Ray
   586 | D:2      | Noticed Terence
   643 | D:2      | Killed Terence
   643 | D:2      | Reached skill level 5 in Conjurations
   643 | D:2      | Reached XP level 3. HP: 19/19 MP: 2/6
   835 | D:2      | Reached XP level 4. HP: 24/24 MP: 3/7
   906 | D:2      | Found a shimmering altar of Xom.
   906 | D:2      | Found a shadowy altar of Dithmenos.
   907 | D:2      | Found an opulent altar of Gozag.
  1235 | D:2      | Killed Crazy Yiuf
  1523 | D:3      | Reached skill level 6 in Conjurations
  1523 | D:3      | Reached XP level 5. HP: 28/28 MP: 2/8
  1595 | D:3      | Noticed Jessica
  1600 | D:3      | Killed Jessica
  2013 | D:3      | Reached XP level 6. HP: 32/32 MP: 4/9
  2166 | D:3      | Noticed Grinder
  2329 | D:3      | Reached skill level 7 in Conjurations
  2519 | D:4      | Noticed Natasha
  2522 | D:4      | Killed Natasha
  2692 | D:4      | Found a shattered altar of Ashenzari.
  2697 | D:4      | Became a worshipper of Ashenzari the Shackled
  2955 | D:4      | Found Ephe's Armour Shop.
  3047 | D:4      | Noticed Blork the orc
  3061 | D:4      | Noticed Ijyb
  3066 | D:4      | Killed Ijyb
  3112 | D:4      | Found Laskaf's Distillery.
  3149 | D:4      | Reached XP level 7. HP: 31/36 MP: 9/10
  3262 | D:4      | Found Fomi's Assorted Antiques.
  3308 | D:4      | Found a glowing golden altar of the Shining One.
  3326 | D:4      | Reached skill level 8 in Conjurations
  3442 | D:4      | Noticed Natasha
  3451 | D:4      | Killed Natasha
  3555 | D:5      | Entered Level 5 of the Dungeon
  4007 | D:5      | Found a staircase to the Ecumenical Temple.
  4023 | D:5      | Reached skill level 9 in Conjurations
  4042 | D:5      | Reached XP level 8. HP: 27/41 MP: 0/11
  5897 | D:5      | Reached skill level 10 in Conjurations
  5991 | D:5      | Learned a level 4 spell: Iskenderun's Mystic Blast
  6131 | D:5      | Reached XP level 9. HP: 35/45 MP: 7/12
  6178 | D:5      | Reached skill level 11 in Conjurations
  6298 | D:5      | Found a stormy altar of Qazlal.
  6411 | D:6      | Got the dagger of Buinar {freeze, -Tele rElec rPois Str+8}
  6540 | D:7      | Reached * piety under Ashenzari
  6573 | D:7      | Found a shattered altar of Ashenzari.
  7055 | D:7      | Found a sacrificial altar of Ru.
  7142 | D:7      | Reached skill level 12 in Conjurations
  7605 | D:7      | Reached skill level 1 in Fighting
  7858 | D:8      | Reached skill level 5 in Stealth
  8150 | D:8      | Reached XP level 10. HP: 56/56 MP: 15/15
  8503 | D:8      | Reached skill level 5 in Spellcasting
  8547 | D:8      | Reached skill level 1 in Evocations
  8949 | D:8      | Reached skill level 5 in Evocations
  9356 | D:9      | Learned a level 4 spell: Fulminant Prism
  9465 | D:9      | Noticed Psyche
  9470 | D:9      | Killed Psyche
  9470 | D:9      | Reached skill level 1 in Hexes
  9516 | D:9      | Noticed a cyclops
  9632 | D:9      | Killed a cyclops
  9633 | D:9      | Noticed a centaur warrior
  9661 | D:9      | Noticed a harpy
  9667 | D:9      | Killed a harpy
  9685 | D:9      | Noticed a deep elf mage
  9699 | D:9      | Killed a deep elf mage
  9699 | D:9      | Reached skill level 5 in Hexes
  9699 | D:9      | Reached XP level 11. HP: 40/61 MP: 18/18
 10259 | D:9      | Noticed an orc sorcerer
 10260 | D:9      | Identified the ring of Qelil {rF- rC+ Int+5 Dex+5}
 10260 | D:9      | Noticed a deep elf mage
 10409 | D:9      | Killed a deep elf mage
 10415 | D:9      | Noticed a sun demon
 10415 | D:9      | Killed an orc sorcerer
 10880 | D:9      | Noticed Pikel
 10891 | D:9      | Killed Pikel
 11257 | D:9      | Reached skill level 5 in Fighting
 11495 | D:9      | Noticed Erolcha
 12077 | D:9      | Reached ** piety under Ashenzari
 12438 | D:10     | Entered Level 10 of the Dungeon
 12447 | D:10     | Found Cunkusk's Weapon Boutique.
 12453 | D:10     | Noticed a two-headed ogre
 12621 | D:10     | Found a staircase to the Lair.
 12746 | D:10     | Noticed a two-headed ogre
 13208 | D:10     | Killed a two-headed ogre
 13714 | D:10     | Found a staircase to the Orcish Mines.
 13874 | D:10     | Noticed Grum
 13894 | D:10     | Killed Grum
 13897 | D:10     | Reached XP level 12. HP: 29/70 MP: 10/19
 14269 | D:10     | Found a roughly hewn altar of Beogh.
 14552 | Lair:1   | Entered Level 1 of the Lair of Beasts
 14638 | Lair:1   | Reached skill level 1 in Maces & Flails
 15343 | Lair:1   | Noticed a six-headed hydra
 15363 | Lair:1   | Killed a six-headed hydra
 16479 | Lair:2   | Found a hole to the Spider Nest.
 16546 | Lair:2   | Found a gate leading to a gauntlet.
 16602 | Lair:2   | Reached skill level 13 in Conjurations
 16744 | Lair:2   | Found a large runed translucent door.
 16745 | Lair:2   | Found a large runed translucent door.
 16748 | Lair:2   | Noticed Tiareth's ghost (journeyman DEWz)
 17353 | Lair:2   | Reached *** piety under Ashenzari
 17464 | Lair:2   | Found a staircase to the Swamp.
 17904 | Lair:2   | HP: 2/70 [swamp worm/harpoon shot (23)]
 17904 | Lair:2   | Demolished by a swamp worm

Levels and vault maps discovered:
D:1:      lightli_arrival_boilingwater, layout_basic, minivault_24,
          minmay_tall_x
D:2:      layout_rooms, grunt_temple_overflow_order_and_chaos_2,
          amethyst_overflow_temple_binary, gammafunk_temple_overflow_forgotten,
          uniq_sigmund, uniq_terence, uniq_crazy_yiuf_cottage
D:3:      layout_loops_cross, first_ration, minmay_misc_feat_four_crosses,
          uniq_grinder, uniq_jessica
D:4:      layout_loops_corners, nicolae_tso_carved_into_rock, serial_shops,
          shop, shop, nicolae_shop_window_shopping, grunt_ministairs_2,
          cheibrodos_ashenzari_chains, uniq_ijyb, uniq_natasha,
          uniq_blork_the_orc
D:5:      layout_basic, nicolae_qazlal_eye_of_the_storm,
          minmay_temple_entry_waves
D:6:      layout_rooms, old_standard_altar, corexii_shack, kennysheep_boxes
D:7:      layout_loops_cross, nicolae_ru_sacrificial_ziggurat,
          overflow_temple_1_default
D:8:      layout_loops_ring
D:9:      minmay_the_grid_3x2 [minmay_the_grid_spikes, minmay_the_grid_odd_star,
          minmay_the_grid_tri_star, minmay_the_grid_diamond_grid,
          minmay_the_grid_eight, minmay_the_grid_prize_inner_circle],
          layout_stronghold, uniq_psyche, uniq_pikel, uniq_erolcha
D:10:     layout_roguey, lair_entry_dummy, zombieorc2_lemuel, serial_shops,
          nicolae_shop_temple_entry_statues_fountains, special_room
          [special_room_orc], uniq_grum
Lair:1:   layout_layer_cave, infiniplex_staircase_pool_2
Lair:2:   layout_roguey, nicolae_swamp_entry_splash_gauntlet,
          nicolae_spider_entry_orb_guardian, ebering_ghost_disaster_area,
          gauntlet_entry_generic, beast_lair_carwin_6, serial_bayou_shore_b,
          serial_bayou_shore_b

Skill      XL: |  1  2  3  4  5  6  7  8  9 10 11 12 |
---------------+-------------------------------------+-----
Conjurations   | 5 6 7 9 10 12 13 | 13.2
Stealth        | 4 6 |  6.2
Fighting       | 3 4 6 |  6.1
Spellcasting   | 3 5 |  5.0
Evocations     | 6 7 9 |  9.9
Hexes          | 5 8 |  8.1
Dodging        | 4 |  4.4
Maces & Flails | 4 |  4.3

Action                   |  1- 3 |  4- 6 |  7- 9 | 10-12 || total
-------------------------+-------+-------+-------+-------++-------
Melee: Club              |       |    53 |    36 |    10 ||    99
       Whip              |       |       |       |    60 ||    60
 Cast: Magic Dart        |    24 |    41 |   141 |   282 ||   488
       Searing Ray       |     4 |    19 |    55 |    93 ||   171
       Iskenderun's Myst |       |       |     4 |    71 ||    75
       Fulminant Prism   |       |       |       |     7 ||     7
Evoke: Wand              |       |       |       |     8 ||     8
  Use: Potion            |       |     2 |     1 |     4 ||     7
       Scroll            |       |       |     1 |     9 ||    10
  Eat: Chunk             |     5 |    12 |    20 |    41 ||    78
       Ration            |       |       |       |     1 ||     1
Armor: Robe              |       |    24 |    52 |    56 ||   132
Dodge: Dodged            |     8 |    77 |   106 |   200 ||   391
Block: Other             |       |       |       |     1 ||     1
